 Dungeon Crawl Stone Soup version 0.15-a0-183-gc0cdb55 (webtiles) character file.

5203 PolkaDot the Jinx (level 10, -11/63 HPs)
             Began as a Vampire Enchanter on Apr 19, 2014.
             Was a Believer of Ashenzari.
             Mangled by an orc warrior
             ... wielding a +2,+2 glaive of flaming
              (20 damage)
             ... on Level 9 of the Dungeon.
             The game lasted 00:35:30 (5921 turns).

PolkaDot the Jinx (Vampire Enchanter)               Turns: 5921, Time: 00:35:31

HP -11/63        AC 11     Str  7      XL: 10   Next: 24%
MP  21/21        EV 11     Int 20      God: Ashenzari [**....]
Gold 415         SH  0     Dex 15      Spells:  7 memorised,  1 level left

rFire  x . .     SeeInvis +     x - +7,+9 dagger of the Inferno {drain, rElec}
rCold  + + +     Clarity  +     h - +3 leather armour (curse)
rNeg   + + +     Conserve .     (no shield)
rPois  +         rCorr    .     k - +2 hat (curse)
rElec  +         rRot     +     b - +0 cloak (curse)
SustAb . .       Spirit   .     (no gloves)
rMut   .         Warding  .     l - +1 pair of boots (curse)
Saprov . . .     Stasis   .     u - amulet of clarity
MR     ++...                    w - ring "Osemel" {MR+ Int+3}
                                j - ring of ice

@: non-regenerating, invisible, very slightly contaminated, very resistant to
hostile enchantments, extraordinarily stealthy
A: bottle blood, fangs 3, see invisible, (berserk 0), clumsy 1, (low mp 0),
unbreathing
a: Bat Form, Bottle Blood, Renounce Religion


You were on level 9 of the Dungeon.
You worshipped Ashenzari.
Ashenzari was pleased with you.
You were bloodless.

You visited 2 branches of the dungeon, and saw 10 of its levels.

You collected 415 gold pieces.

Inventory:

Hand weapons
 x - the cursed +7,+9 dagger of the Inferno (weapon) {drain, rElec}
   (You found it on level 5 of the Dungeon)

   A truly terrible weapon, it drains the life of those it strikes.
   It insulates you from electricity.
   It has a curse placed upon it.
Armour
 b - a cursed +0 cloak (worn)
 h - a cursed +3 leather armour (worn)
 k - a cursed +2 hat (worn)
 l - a cursed +1 pair of boots (worn)
Magical devices
 d - a wand of hasting (9)
 f - a wand of paralysis (14)
 o - a wand of frost (3)
 p - a wand of fire (12)
 r - a wand of lightning (1)
 s - a wand of teleportation (5)
Scrolls
 a - a scroll of fear
 m - 2 scrolls of identify
 q - a scroll of fog
 t - 3 scrolls of curse weapon
 v - 3 scrolls of teleportation
 C - a scroll of curse armour
Jewellery
 c - an uncursed ring of flight
 j - a ring of ice (left hand)
 u - an amulet of clarity (around neck)
 w - the ring "Osemel" (right hand) {MR+ Int+3}
   (You found it on level 4 of the Dungeon)

   [ring of protection from magic]

   It affects your intelligence (+3).
   It affects your resistance to hostile enchantments.
Potions
 g - a potion of brilliance
 i - a potion of restore abilities
 A - a potion of agility
 D - a potion of resistance


   Skills:
 - Level 6.0(8.3) Short Blades
 - Level 0.7 Throwing
 * Level 3.1 Armour
 - Level 2.1(3.3) Dodging
 + Level 11.7(13.0) Stealth
 - Level 4.4 Spellcasting
 + Level 14.4 Hexes


You had one spell level left.
You knew the following spells:

 Your Spells              Type           Power        Failure   Level  Hunger
a - Corona                Hex            ######.      1%          1    None
b - Sure Blade            Hex/Chrm       ####......   1%          2    #......
c - Confuse               Hex            ######..     1%          3    ###....
d - Ensorcelled Hibernat  Hex/Ice        ######       1%          2    #......
e - Enslavement           Hex            ######..     1%          4    ####...
s - Dazzling Spray        Conj/Hex       ####....     1%          3    ###....
A - Apportation           Tloc           #.........   14%         1    None


Dungeon Overview and Level Annotations

Branches:
Dungeon (9/15)             Temple (1/1) D:5            Lair (0/8) D:9
    Orc: D:9-12

Altars:
Ashenzari
Cheibriados
Elyvilon
Fedhas
Kikubaaqudgha
Makhleb
Nemelex Xobeh
Okawaru
Sif Muna
Trog
Vehumet
Xom
Yredelemnul
Zin
The Shining One

Shops:
D:6 (   D:7 =   D:9 %


Innate Abilities, Weirdness & Mutations

You do not heal naturally.
You can bottle blood from corpses.
You have razor-sharp teeth.*
You have supernaturally acute eyesight.
You can survive without breathing.*
((You tend to lose your temper in combat.))+ You are clumsy. (Dex -2)
((Your magical capacity is low (-10% MP).))+


Message History

You kill the orc wizard!
The orc wizard points at the orc and mumbles some strange words.
The magic dart hits the orc.
The orc dies!
The orc zombie misses you. The orc warrior closely misses you.
Things that are here:
a +1,+3 dagger; a +0 robe You strike the helpless orc zombie from behind!
You stick the orc zombie like a pincushion!!!
You destroy the orc zombie!
The orc wizard gestures at the orc warrior while chanting.
The magic dart hits the orc.
You hit the orc warrior. You drain the orc warrior!
The orc warrior is lightly wounded.
You closely miss the orc warrior. Your bite misses the orc warrior.
The orc warrior is lightly wounded.
The orc warrior hits you with a glowing glaive!
* * * LOW HITPOINT WARNING * * *
The orc warrior burns you!
You die...

*********,####.##.#####.###
,****
,,,,,,,,,..................,,,
, *** ****
,####.##.#####.###****** ***
.####.##.#####.#
*,,................#
*,*##...###.########
*,*#.....##.# *,*...o..{#.#
*,#......{#@# *,......o.o.#
*,........o.# *,,...>.....#
**,......o.o# *,.P.......#
**,......#.# *,,...!.#.# *
,,...##.#


You could see an orc warrior, an orc priest, 2 orc wizards and an orc.

Vanquished Creatures
  Pikel (D:5)
  Psyche (D:8)
  Grinder (D:5)
  A komodo dragon (D:8)
  A two-headed ogre (D:9)
  2 yellow wasps
  A phantom (D:9)
  5 centaurs
  2 black bears
  Sigmund (D:2)
  2 ogres
  4 giant frogs
  5 ice beasts
  A sky beast (D:7)
  A water moccasin zombie (D:5)
  5 killer bees (D:7)
  4 wights
  A giant frog zombie (D:5)
  3 scorpions
  A goliath beetle (D:8)
  6 hounds
  A two-headed ogre zombie (D:9)
  A jelly (D:6)
  2 crimson imps
  A centaur skeleton (D:6)
  An orc priest (D:8)
  A black bear skeleton (D:5)
  3 iguanas
  A gnoll shaman (D:8)
  5 worker ants
  An ogre zombie (D:5)
  2 hound zombies (D:7)
  9 orc wizards
  9 adders
  A worker ant zombie (D:6)
  9 gnolls
  An orc skeleton (D:6)
  A scorpion zombie (D:5)
  3 shadow imps
  2 inept feature mimics
  4 worms
  Blork the orc (D:6)
  An iguana zombie (D:5)
  2 orc zombies
  A giant eyeball (D:8)
  4 oozes
  15 orcs
  A ball python (D:5)
  8 bats
  4 giant cockroaches
  11 hobgoblins
  3 giant geckos
  A giant gecko skeleton (D:4)
  A giant gecko zombie (D:5)
  2 giant newts
  A giant spore (D:9)
  10 goblins
  A hobgoblin skeleton (D:5)
  A jackal zombie (D:5)
  20 kobolds
  A kobold skeleton (D:5)
  2 kobold zombies
  15 rats
  A rat skeleton (D:5)
  A ballistomycete (D:9)
215 creatures vanquished.

Vanquished Creatures (others)
  A sky beast (D:5)
  An orc (D:9)
  A ball python zombie (D:5)
3 creatures vanquished.

Grand Total: 218 creatures vanquished

Notes
Turn   | Place    | Note
--------------------------------------------------------------
     0 | D:1      | PolkaDot, the Vampire Enchanter, began the quest for the Orb.
     0 | D:1      | Reached XP level 1. HP: 13/13 MP: 3/3
   174 | D:1      | Reached XP level 2. HP: 10/19 MP: 4/4
   235 | D:1      | Reached skill level 5 in Hexes
   249 | D:1      | Learned a level 2 spell: Ensorcelled Hibernation
   659 | D:2      | Reached XP level 3. HP: 24/24 MP: 6/6
   808 | D:2      | Noticed Sigmund
   827 | D:2      | Paralysed by a potion of paralysis for 4 turns
   848 | D:2      | Killed Sigmund
   848 | D:2      | Reached skill level 6 in Hexes
   848 | D:2      | Reached XP level 4. HP: 30/30 MP: 0/7
  1152 | D:2      | Reached XP level 5. HP: 35/35 MP: 9/9
  1369 | D:3      | Reached skill level 7 in Hexes
  1652 | D:4      | Reached skill level 5 in Stealth
  1752 | D:4      | Reached XP level 6. HP: 36/41 MP: 7/10
  1937 | D:4      | Reached skill level 8 in Hexes
  1989 | D:4      | Got a warped bone ring
  2140 | D:5      | Entered Level 5 of the Dungeon
  2156 | D:5      | Got a slimy dagger
  2177 | D:5      | Identified the +7,+9 dagger of the Inferno {drain, rElec} (You found it on level 5 of the Dungeon)
  2194 | D:5      | Identified the ring "Osemel" {MR+ Int+3} (You found it on level 4 of the Dungeon)
  2200 | D:5      | Found an iron altar of Okawaru.
  2208 | D:5      | Reached XP level 7. HP: 30/46 MP: 12/12
  2227 | D:5      | Reached skill level 9 in Hexes
  2462 | D:5      | Gained mutation: Your magical capacity is low (-10% MP). [potion of mutation]
  2462 | D:5      | Gained mutation: You are clumsy. (Dex -2) [potion of mutation]
  2462 | D:5      | Gained mutation: You tend to lose your temper in combat. [potion of mutation]
  2558 | D:5      | Noticed Grinder
  2559 | D:5      | Noticed Pikel
  2565 | D:5      | Killed Grinder
  2565 | D:5      | Reached skill level 5 in Short Blades
  2565 | D:5      | Reached skill level 10 in Hexes
  2565 | D:5      | Reached XP level 8. HP: 47/52 MP: 11/11
  2570 | D:5      | Killed Pikel
  2570 | D:5      | Reached skill level 11 in Hexes
  2607 | D:5      | Found a staircase to the Ecumenical Temple.
  2617 | Temple   | Entered the Ecumenical Temple
  2656 | Temple   | Became a worshipper of Ashenzari the Shackled
  3021 | D:5      | Learned a level 3 spell: Confuse
  3026 | D:5      | Learned a level 4 spell: Enslavement
  3151 | D:5      | Reached skill level 12 in Hexes
  3359 | D:6      | Reached XP level 9. HP: 35/57 MP: 12/14
  3386 | D:6      | Found Giupneam's Weapon Emporium.
  3511 | D:6      | Found a blossoming altar of Fedhas.
  3788 | D:6      | Learned a level 2 spell: Sure Blade
  3793 | D:6      | Reached skill level 10 in Stealth
  3803 | D:6      | Noticed Blork the orc
  3819 | D:6      | Killed Blork the orc
  3938 | D:7      | Reached skill level 13 in Hexes
  4069 | D:7      | Found a burning altar of Makhleb.
  4186 | D:7      | Found Xujates' Jewellery Shoppe.
  4207 | D:7      | Learned a level 3 spell: Dazzling Spray
  4210 | D:7      | Learned a level 1 spell: Apportation
  4288 | D:7      | Found a sparkling altar of Nemelex Xobeh.
  4291 | D:7      | Found a shimmering altar of Xom.
  4294 | D:7      | Found a glowing silver altar of Zin.
  4604 | D:7      | Reached skill level 14 in Hexes
  4713 | D:8      | Reached skill level 1 in Armour
  4889 | D:8      | Noticed Psyche
  4902 | D:8      | Killed Psyche
  4902 | D:8      | Reached XP level 10. HP: 28/63 MP: 21/21
  5041 | D:8      | Found a deep blue altar of Sif Muna.
  5045 | D:8      | Identified Sif Muna's Collected Works on Confrontation
  5050 | D:8      | Found a radiant altar of Vehumet.
  5054 | D:8      | Identified Vehumet's Volume of Confrontation
  5059 | D:8      | Found an ancient bone altar of Kikubaaqudgha.
  5063 | D:8      | Identified Kikubaaqudgha's Grimoire of Necromancy
  5611 | D:8      | Found a deep blue altar of Sif Muna.
  5688 | D:9      | Acquired Ashenzari's first power
  5818 | D:9      | Found Medol's Food Shop.
  5906 | D:9      | Found a staircase to the Lair.
  5921 | D:9      | Mangled by an orc warrior

Action                   |  1- 3 |  4- 6 |  7- 9 | 10-12 || total
-------------------------+-------+-------+-------+-------++-------
Melee: Dagger            |    68 |   146 |   352 |   105 ||   671
       Short sword       |    30 |       |       |       ||    30
 Cast: Corona            |     2 |       |       |       ||     2
       Ensorcelled Hiber |     5 |    16 |    17 |     8 ||    46
       Confuse           |       |       |       |     1 ||     1
Evoke: Wand              |       |       |     4 |     1 ||     5
  Use: Scroll            |     5 |     6 |     4 |    10 ||    25
       Potion            |     6 |     1 |     7 |     3 ||    17
 Stab: Sleeping          |     8 |    16 |    25 |    12 ||    61
       Distracted        |       |       |       |     2 ||     2
       Confused          |       |       |       |     1 ||     1
       Invisible         |       |       |       |     1 ||     1
